cohdb
Replays
Latest Replays
All Replays
Popular Replays
Top Player Replays
Match Explorer
How It Works
Community
CoH3 Stats
Reddit
Sign in to upload your games and track your stats! →
Sign in with Steam
Match 34761951
Unlisted
Match 34761951
Overview
Messages
Build Orders
End
Panzergrenadier Squad
250 Light Carrier
Panzergrenadier Squad
Panzergrenadier Squad
Construct Light Support Kompanie
Combat Half-tracks
Fire Support Elements
2.5-tonne Medical Truck
le.IG 18 Mechanized Group
Pak 38 Anti-tank Gun Team
Selects Armored Support Battlegroup
Selects Salvage Kits
Selects Panzer Storm
Flakvierling Half-track
Pak 38 Anti-tank Gun Team
Pak 38 Mechanized Group
Vehicle Survival Package
Construct Mechanized Kompanie
UH|dun! ツ
UH|ck
UH|XTC
insane
DarkShadow0o7
DAZ187
CommanderCrunchBerrie
603210747
0
0
Comments
sign in to comment!
No comments posted yet!